 Dungeon Crawl Stone Soup version 0.31-a0-455-g1a7b003ef0 (webtiles) character file.

Game seed: 17787738348650155081

1541 senseless the Changeling (level 8, -3/81 HPs)
             Began as an Octopode Shapeshifter on Aug 3, 2023.
             Was a Follower of Cheibriados.
             Killed from afar by a steam dragon (23 damage)
             ... with a ball of steam
             ... on level 6 of the Dungeon.
             The game lasted 00:10:46 (4542 turns).

senseless the Changeling (Octopode Shapeshifter)    Turns: 4542, Time: 00:10:47

Health: -3/81      AC: 24    Str: 19    XL:     8   Next: 86%
Magic:  8/8        EV:  2    Int: 13    God:    Cheibriados [*.....]
Gold:   314        SH:  0    Dex: 16    Spells: 7/7 levels left

rFire   . . .        p - +2 hand axe (elec)
rCold   . . .        (no shield)
rNeg    . . .        (helmet currently unavailable)
rPois   +            i - amulet of regeneration
rElec   .            c - ring of flight
rCorr   .            (no ring)
SInv    .            (no ring)
Will    .....        (no ring)
Stlth   +++          (no ring)
HPRegen 1.13/turn    (no ring)
MPRegen 0.11/turn    (no ring)
                     (no ring)

%: no passive effects
@: tree-form, very slow
A: stationary, stasis, torment immunity, boosted hp, almost no armour,
(amphibious), 8 rings, (camouflage 1), (gelatinous body 1), (nimble swimmer 1),
(tentacles)
a: Renounce Religion, Bend Time


You were on level 6 of the Dungeon.
You worshipped Cheibriados.
Cheibriados was aware of your devotion.
You were a tree.
You visited 2 branches of the dungeon, and saw 7 of its levels.

You collected 384 gold pieces.
You spent 70 gold pieces at shops.

Inventory:

Hand Weapons
 g - a +2 falchion of holy wrath
 p - a +2 hand axe of electrocution (weapon)
Missiles
 o - 2 silver javelins
Jewellery
 c - a ring of flight (left branch)
 i - an amulet of regeneration (around neck)
Talismans
 b - a beast talisman
Wands
 d - a wand of mindburst (1) (quivered)
Scrolls
 f - a scroll of fear
 k - 4 scrolls of teleportation
 l - a scroll of identify
Potions
 e - 2 potions of brilliance
 h - a potion of enlightenment
 j - 2 potions of might
 m - 3 potions of curing
 n - a potion of magic


   Skills:
 + Level 4.3 Fighting
 + Level 4.8 Dodging
 + Level 5.8 Stealth
 + Level 5.1 Unarmed Combat
 * Level 6.1 Shapeshifting


You had 7 spell levels left.
You didn't know any spells.
Your spell library contained the following spells:

 Spells                   Type           Power      Damage    Failure   Level
 Slow                     Hex            0%         N/A       30%         1
 Sublimation of Blood     Necr           0%         N/A       43%         2
 Wereblood                Tmut           0%         N/A       43%         2
 Confusing Touch          Hex            0%         N/A       67%         3
 Vampiric Draining        Necr           0%         2d6       67%         3
 Haunt                    Necr/Summ      0%         N/A       100%        7
 Summon Hydra             Summ           0%         N/A       100%        7
 Borgnjor's Revivificati  Necr           0%         N/A       100%        8
 Death's Door             Necr           0%         N/A       100%        9


Dungeon Overview and Level Annotations

Branches:
Dungeon (6/15)             Temple (1/1) D:4

Altars:
Cheibriados
Elyvilon
Hepliaklqana
Makhleb
Nemelex Xobeh
Qazlal
Ru
Sif Muna
Trog
Uskayaw
Vehumet
Wu Jian
Zin
The Shining One
Lugonu

Shops:
D:2 *!


Innate Abilities, Weirdness & Mutations

You are a tree.
Your roots penetrate the ground, keeping you stationary.
You cannot be teleported.
You are immune to unholy pain and torment.
Your maximum health is greatly increased.
You cannot wear most types of armour.
((You are amphibious.))
You can wear up to eight rings at the same time.
((Your skin changes colour to match your surroundings (Stealth+).))
((Your rubbery body absorbs attacks. (AC +1, EV +1)))
((You are camouflaged when in or above water. (Stealth+)))
((You have tentacles for arms and can constrict up to eight enemies at once.))


Message History

You are too injured to fight recklessly!
You start resting.
An orc priest is nearby!
An orc priest and 2 orcs come into view.
The orc priest shouts!
The orc priest invokes the aid of Beogh against you.
Beogh smites you!
An orc wizard comes into view. It is wielding a +0 dagger.
The orc moves out of view.
You are too injured to fight recklessly!
You are too injured to fight recklessly!
Found an escape hatch in the floor.
A hound comes into view.
The orc priest barely misses you. The orc closely misses you.
The orc priest hits you with a +0 flail!
* * * LOW HITPOINT WARNING * * *
You closely miss the orc priest. You grab the orc priest. You hit the orc.
You constrict the orc priest. The orc barely misses you.
The orc priest barely misses you.
You hit the orc priest.
The orc priest is moderately wounded.
You hit the orc but do no damage. You constrict the orc priest.
The orc priest hits you with a +0 flail.
* * * LOW HITPOINT WARNING * * *
A steam dragon comes into view.
Really quaff the potion of lignification?
Your transformation has ended.
You turn into a tree.
Your roots penetrate the ground.
You lose your grip on the orc priest.
The orc hits you with a +0 hand axe.
* * * LOW HITPOINT WARNING * * *
The orc hits you but does no damage.
You barely miss the orc priest.
The orc priest is severely wounded.
You barely miss the orc. You hit the orc but do no damage.
The orc hits you but does no damage. x2
The steam dragon breathes steam at you.
The ball of steam hits the orc!
The orc dies!
The ball of steam hits you!!
You die...

#.....#)##...##..##
#######.†<....#...#
#......†.....#...#
#......##.).##<.##
#..(...#######..#
#...........#...#
#...........#...#
#......##...##..#
#......# #####♣o#
#.......#..>.oo§#
#.......#....o.h§.
#.......+.......^...
#.......#.......##..D.
#......##...##..# ##+.
#... #... #... ....


You could see a hound, 2 orc priests, an orc wizard and an orc.

Vanquished Creatures
  A steam dragon (D:6)
  A water moccasin (D:5)
  An ice beast (D:5)
  3 ogres (D:5)
  A black bear (D:5)
  An orc warrior (D:4)
  3 phantoms
  2 scorpions
  An orc priest (D:4)
  A jelly (D:5)
  4 iguanas
  2 sleepcaps
  A statue (D:5)
  2 gnolls (D:2)
  8 adders
  A white imp (D:5)
  An ufetubus (D:4)
  4 dart slugs
  8 orcs
  6 endoplasms
  5 giant cockroaches
  5 goblins
  6 hobgoblins
  9 jackals
  6 quokkas
  4 ball pythons
  9 bats
  3 frilled lizards
  8 kobolds
  6 rats
113 creatures vanquished.

Vanquished Creatures (others)
  A gnoll (D:2)
  An orc (D:6)
2 creatures vanquished.

Grand Total: 115 creatures vanquished

Notes
Turn   | Place    | Note
-------+----------+-------------------------------------------
     0 | D:1      | senseless the Octopode Shapeshifter began the quest for the
                  | Orb.
     0 | D:1      | Reached XP level 1. HP: 13/13 MP: 1/1
    66 | D:1      | Reached XP level 2. HP: 18/18 MP: 2/2
   106 | D:1      | Reached skill level 1 in Stealth
   221 | D:1      | Reached XP level 3. HP: 23/23 MP: 3/3
   558 | D:2      | Reached XP level 4. HP: 19/28 MP: 4/4
  1338 | D:2      | Found Namerghi's Distillery.
  1345 | D:2      | Bought a potion of heal wounds for 70 gold pieces
  1361 | D:2      | Found Catidgh's General Store.
  1612 | D:3      | Reached XP level 5. HP: 34/34 MP: 5/5
  2408 | D:4      | Noticed an orc warrior
  2470 | D:4      | Reached skill level 4 in Shapeshifting
  2534 | D:4      | Reached XP level 6. HP: 40/40 MP: 6/6
  2537 | D:4      | Killed an orc warrior
  2739 | D:4      | Found a staircase to the Ecumenical Temple.
  2771 | Temple   | Entered the Ecumenical Temple
  2784 | Temple   | Became a worshipper of Cheibriados the Contemplative
  2846 | D:4      | Found an ornate altar of the Wu Jian Council.
  2937 | D:4      | Reached XP level 7. HP: 45/45 MP: 7/7
  3325 | D:5      | Entered Level 5 of the Dungeon
  3345 | D:5      | Reached * piety under Cheibriados
  3348 | D:5      | HP: 1/46 [orc/+0 whip (5)]
  3502 | D:5      | Reached skill level 5 in Shapeshifting
  3667 | D:5      | Found a radiant altar of Vehumet.
  3737 | D:5      | Reached XP level 8. HP: 34/52 MP: 8/8
  3804 | D:5      | Found a hazy altar of Hepliaklqana.
  3985 | D:5      | Found a sacrificial altar of Ru.
  3986 | D:5      | Found a white marble altar of Elyvilon.
  4009 | D:5      | Reached skill level 5 in Stealth
  4426 | D:6      | Reached skill level 5 in Unarmed Combat
  4498 | D:6      | Found a hide-covered altar of Uskayaw.
  4524 | D:6      | Reached skill level 6 in Shapeshifting
  4542 | D:6      | Killed from afar by a steam dragon

Illustrated notes

Levels and vault maps discovered:
D:1:      evilmike_arrival_plus, layout_rooms, chequers_serial_rivers_small_3
D:2:      layout_basic, serial_bayou, serial_bayou_pond_b,
          serial_bayou_lagoon_a, serial_bayou_ford_a, serial_bayou_lake_a,
          serial_shops, nicolae_shop_trees, nicolae_shop_tiny_waterfront,
          minmay_parallelograms, dk_noncrumbling_2, minmay_tromino_v2
D:3:      layout_basic
D:4:      layout_gridville, nzn_wu_jian_contemplation, temple_pool_b,
          ebering_dispersal_statue_hall, nicolae_hexahallways
D:5:      layout_rooms, jmf_multi_god_temple, vehumet_statue,
          lemuel_crystal_altar, minmay_tree_intersection
D:6:      layout_gridville, mainiacjoe_overflow_alcove_4,
          nicolae_dithmenos_shadow_blocks
Temple:   corrupted_temple

Skill      XL: |  1  2  3  4  5  6  7  8 |
---------------+-------------------------+-----
Stealth        | 1 2 3 4 5 |  5.8
Fighting       | 2 3 4 |  4.3
Dodging        | 3 4 |  4.8
Shapeshifting  | 4 5 6 |  6.1
Unarmed Combat | 4 5 |  5.1

Action                     |  1- 3 |  4- 6 |  7- 9 || total
---------------------------+-------+-------+-------++-------
  Melee: Unarmed           |    62 |    49 |       ||   111
         Constrict         |    20 |    19 |    15 ||    54
         Tentacles         |    12 |    14 |    18 ||    44
         Punch             |     2 |     3 |     6 ||    11
         Hand axe          |       |    34 |    71 ||   105
    Use: Scroll            |       |    11 |     3 ||    14
         Potion            |       |       |     2 ||     2
   Stab: Sleeping          |     1 |    10 |    13 ||    24
         Distracted        |       |     1 |       ||     1
 Armour: Skin              |     8 |     7 |     4 ||    19
  Dodge: Dodged            |    43 |    48 |    43 ||   134

Table legend: (Time is in decaauts)
 A = Elapsed time spent in this place.
 B = Non-inter-level travel time spent in this place.
 C = Inter-level travel time spent in this place.
 D = Time resting spent in this place.
 E = Time spent auto-exploring this place.
 F = Levels seen in this place.
 G = Mean time per level.
                   A        B        C        D        E       F      G
               +--------+--------+--------+--------+--------+-----+--------+
         Total |   4928 |   4753 |    175 |     54 |   3915 |   7 |  704.0 |
       Dungeon |   4898 |   4750 |    148 |     54 |   3915 |   6 |  816.3 |
        Temple |     29 |      2 |     27 |      0 |      0 |   1 |   29.0 |
               +--------+--------+--------+--------+--------+-----+--------+

Top non-repeatable levels by time:
     D:5: 1314 daAuts
     D:2: 1116 daAuts
     D:4: 1033 daAuts
     D:3: 913 daAuts
     D:1: 363 daAuts
     D:6: 157 daAuts
  Temple: 29 daAuts
